 Dungeon Crawl Stone Soup version 0.18.1-6-gd335043 (webtiles) character file.

193 namelastname112 the Conjurer (level 5, 0/42 HPs)
             Began as a Draconian Ice Elementalist on May 15, 2016.
             Slain by an orc
             ... wielding a +2 mace of crushing
              (2 damage)
             ... on level 4 of the Dungeon.
             The game lasted 00:04:10 (2535 turns).

namelastname112 the Conjurer (DrIE)                 Turns: 2535, Time: 00:04:10

Health: 0/42       AC:  7    Str: 11    XL:     5   Next: 43%
Magic:  3/9        EV: 10    Int: 16    God:
Gold:   54         SH:  0    Dex: 11    Spells: 2 memorised, 6 levels left

rFire  . . .     SeeInvis .     n - +1 dagger (elec)
rCold  . . .     Gourm    .     (armour unavailable)
rNeg   . . .     Faith    .     (no shield)
rPois  .         Spirit   .     (helmet restricted)
rElec  .         Dismiss  .     g - +0 cloak (curse)
rCorr  .         Reflect  .     s - +0 pair of gloves
SustAt .         Harm     .     (no boots)
MR     +....                    (no amulet)
Stlth  ++........               p - ring of protection from magic
                                d - -2 ring of evasion (curse)

@: very slightly contaminated, somewhat resistant to hostile enchantments,
unstealthy
A: unfitting armour, cold-blooded, AC +5
a: no special abilities


You were on level 4 of the Dungeon.
You were not hungry.

You visited 1 branch of the dungeon, and saw 4 of its levels.

You collected 54 gold pieces.

Inventory:

Hand Weapons
 n - a +1 dagger of electrocution (weapon)
Armour
 g - a cursed +0 cloak (worn)
 s - a +0 pair of gloves (worn)
Jewellery
 d - a cursed -2 ring of evasion (left hand)
 f - an uncursed ring of protection from fire
 h - an uncursed ring of see invisible
 p - a ring of protection from magic (right hand)
Wands
 r - a wand of polymorph (10/24)
Scrolls
 e - 3 scrolls of teleportation {unknown}
 i - 4 scrolls of identify {unknown}
 j - a scroll of blinking {unknown}
 k - a scroll of recharging {unknown}
 m - a scroll of magic mapping {unknown}
 o - a scroll of fear {unknown}
 t - a scroll of amnesia {unknown}
 u - 2 scrolls of immolation {unknown}
 w - a scroll of fog {unknown}
Potions
 l - 2 potions of agility {unknown}
 q - a potion of magic {unknown}
 v - a potion of curing {unknown}
Books
 a - a book of Frost

   Spells                             Type                      Level
   a - Freeze                         Ice                          1
   b - Throw Frost                    Conjuration/Ice              2
   c - Ozocubu's Armour               Charms/Ice                   3
   d - Throw Icicle                   Conjuration/Ice              4
   e - Summon Ice Beast               Ice/Summoning                4
Comestibles
 b - 3 bread rations
 c - 2 beef jerkies
 z - a meat ration


   Skills:
 + Level 2.5 Fighting
 + Level 2.7 Dodging
 - Level 1.7 Stealth
 + Level 2.9 Spellcasting
 * Level 3.3 Conjurations
 - Level 3.0 Ice Magic


You had 6 spell levels left.
You knew the following spells:

 Your Spells              Type           Power        Failure   Level  Hunger
a - Throw Frost           Conj/Ice       ##....       10%         2    ##.....
z - Freeze                Ice            ##..         8%          1    #......


Dungeon Overview and Level Annotations

Branches:
Dungeon (4/15)
 Temple: D:4-7

Altars:
Cheibriados
Pakellas

Annotations:
D:3 Yehuk's ghost, amateur GrFi


Innate Abilities, Weirdness & Mutations

Your plain brown scales are hard (AC +5).
Your body does not fit into most forms of armour.
You are cold-blooded and may be slowed by cold attacks.


Message History

You are too injured to fight recklessly!
Casting: Freeze
Confirm with . or Enter, or press ? or * to list all spells.
Aiming: Freeze
Press: ? - help, Shift-Dir - straight line, f - orc, p - orc
Aim: an orc, wielding a mace of crushing You miscast Freeze.
Frost covers your body.
The orc hits you with a mace of crushing.
* * * LOW HITPOINT WARNING * * *
x2 You take 3 damage, and have 7/42 hp.
You now have 4/9 mp.
Casting: Freeze
Confirm with . or Enter, or press ? or * to list all spells.
Aiming: Freeze
Press: ? - help, Shift-Dir - straight line, f/p - orc
Aim: an orc, wielding a mace of crushing You freeze the orc.
The orc is moderately wounded.
The orc hits you with a mace of crushing.
* * * LOW HITPOINT WARNING * * *
You die...

.. ### . ..
. .. .# #.
##.# #. ...
#.#.##.##.#
#.....@oo#
#.##.####.#
... ##.# .#
#


You could see 2 orcs.

Vanquished Creatures
  An orc wizard (D:4)
  Terence (D:3)
  7 adders
  An ooze (D:3)
  A worm (D:3)
  A dart slug (D:2)
  3 giant geckos
  An orc (D:3)
  4 giant cockroaches
  5 hobgoblins
  8 jackals
  13 kobolds
  2 quokkas (D:3)
  6 bats
  A giant newt (D:3)
  A goblin (D:1)
  13 rats
69 creatures vanquished.

Notes
Turn   | Place    | Note
--------------------------------------------------------------
     0 | D:1      | namelastname112 the Draconian Ice Elementalist began the quest for the Orb.
     0 | D:1      | Reached XP level 1. HP: 14/14 MP: 3/3
    85 | D:1      | Reached skill level 1 in Fighting
    97 | D:1      | Reached XP level 2. HP: 23/23 MP: 0/5
   101 | D:1      | Learned a level 2 spell: Throw Frost
   613 | D:1      | Found a snail-covered altar of Cheibriados.
   956 | D:2      | Reached XP level 3. HP: 16/28 MP: 0/6
  1540 | D:2      | Reached XP level 4. HP: 34/36 MP: 7/7
  2042 | D:3      | Noticed Yehuk's ghost (amateur GrFi)
  2158 | D:3      | Found an oddly glowing altar of Pakellas.
  2282 | D:3      | Noticed Terence
  2294 | D:3      | Killed Terence
  2294 | D:3      | Reached XP level 5. HP: 20/42 MP: 0/9
  2535 | D:4      | HP: 2/42 [orc/mace of crushing (5)]
  2535 | D:4      | Slain by an orc

Skill      XL: |  1  2  3  4 |
---------------+-------------+-----
Fighting       | 1 2 |  2.5
Dodging        | 2 |  2.7
Conjurations   | 3 |  3.3
Stealth        | |  1.7
Spellcasting   | |  2.9
Ice Magic      | |  3.0

Action                   |  1- 3 |  4- 6 || total
-------------------------+-------+-------++-------
Melee: Unarmed           |    35 |       ||    35
       Tailslap          |     2 |     1 ||     3
       Dagger            |    27 |    32 ||    59
 Cast: Freeze            |    54 |    41 ||    95
  Eat: Chunk             |     2 |     4 ||     6
Armor: Skin              |    40 |    24 ||    64
Dodge: Dodged            |    77 |    40 ||   117
